 Dungeon Crawl Stone Soup version 0.31-a0-1540-g5a0b83f448 (webtiles) character file.

Game seed: 10886846981198023659

98990 browni3141 the Brawler (level 15, 0/116 (123) HPs)
             Began as a Formicid Shapeshifter on Jan 1, 2024.
             Was an Elder of Ru.
             Slain by a merfolk impaler
             ... wielding a +2 trident of venom
              (18 damage)
             ... on level 3 of the Shoals.
             The game lasted 01:16:02 (34580 turns).

browni3141 the Brawler (Formicid Shapeshifter)     Turns: 34580, Time: 01:16:03

HP:   0/116 (123)   AC: 11    Str: 20    XL:     15   Next: 74%
MP:   17/24         EV: 19    Int: 13    God:    Ru [****..]
Gold: 539           SH: 13    Dex: 19    Spells: 7/26 levels left

rFire   . .          .
                       - Unarmed
rCold   . . .        y - +2 buckler {AC+3}
rNeg    . . .        P - +2 robe of Reum {Int+3 SInv Archmagi}
rPois   .            (helmet unavailable)
rElec   +            u - melded scarf {rC+ rF+}
rCorr   .            (gloves currently unavailable)
SInv    +            W - melded +2 pair of boots of the Minstrel {rC+}
Will    +....        f - amulet of reflection Stlth
                     B - +4 ring of slaying
HPRegen 0.39/turn    Z - ring of Lifantuu {rElec AC+4}
MPRegen 0.19/turn

%: inaccuracy (-5), reflection, archmagi
@: exhausted, beast-form, studying Long Blades, drained
A: beast (slay +4), permanent stasis, dig shafts and tunnels, antennae 3,
inability to read after injury 2, no stealth, inexperienced 1, missing an eye,
four strong arms
a: Dig, Shaft Self, Begin Untransformation, Renounce Religion, Draw Out Power,
Power Leap


You were on level 3 of the Shoals.
You worshipped Ru.
Ru was greatly pleased with you.
You were a hulking beast.
You visited 6 branches of the dungeon, and saw 26 of its levels.
You also visited: Gauntlet.

You collected 1757 gold pieces.
You spent 1218 gold pieces at shops.

Inventory:

Missiles
 n - 21 javelins
Armour
 u - a scarf of resistance (melded)
 y - a +2 buckler of protection (worn)
 M - the +6 chain mail of Subjectivity {Regen+ Str+4}
   (You found it on level 12 of the Dungeon)

   Str+4:     It affects your strength (+4).
   Regen+:    It increases your rate of health regeneration.
 P - the +2 robe of Reum (worn) {Int+3 SInv Archmagi}
   (You found it on level 1 of the Lair of Beasts)

   Int+3:     It affects your intelligence (+3).
   SInv:      It lets you see invisible.
   Archmagi:  It increases the power of your magical spells.
 W - the +2 pair of boots of the Minstrel (melded) {rC+}
   (You bought it in a shop on level 11 of the Dungeon)

   rC+:       It protects you from cold.
Magical Staves
 m - the staff "Jecit" {^Drain rElec rC+ Will++ Summ Air}
   (You took it off a minotaur in a Gauntlet)

   [staff of air]

   Base accuracy: +5 Base damage: 5 Base attack delay: 1.2 This weapon's minimum
   attack delay (0.6) is reached at skill level 12.
   rC+:       It protects you from cold.
   rElec:     It insulates you from electricity.
   Will++:    It greatly increases your willpower.
   ^Drain:    It drains your maximum health when unequipped.
   Summ:      It increases the power of your Summonings spells.
   Air:       It increases the power of your Air spells.
   It falls into the 'Staves' category.
   It is a weapon for one hand-pair.
Jewellery
 e - a ring of fire
 f - an amulet of reflection (around neck)
 r - an amulet of guardian spirit
 z - the ring "Wuokh" {Wiz Str+3}
   (You found it in a Gauntlet)

   [ring of wizardry]

   Wiz:       It improves your spell success rate.
   Str+3:     It affects your strength (+3).
 B - a +4 ring of slaying (left hand)
 T - an amulet of regeneration
 V - a ring of resist corrosion
 Z - the ring of Lifantuu (right hand) {rElec AC+4}
   (You found it in a Gauntlet)

   [ring of protection]

   AC+4:      It affects your AC (+4).
   rElec:     It insulates you from electricity.
Talismans
 c - a beast talisman (active)
 d - a flux talisman
 H - a blade talisman
Wands
 j - a wand of flame (21)
 p - a wand of mindburst (5)
 G - a wand of roots (20)
 J - a wand of paralysis (15)
 K - a wand of digging (7)
 S - a wand of polymorph (5)
 X - a wand of quicksilver (15)
Scrolls
 g - 6 scrolls of vulnerability
 l - 5 scrolls of revelation
 o - 8 scrolls of amnesia
 q - 4 scrolls of identify
 t - a scroll of immolation
 x - 2 scrolls of fear
 D - 4 scrolls of noise
 I - a scroll of poison
 N - 2 scrolls of enchant armour
 O - 4 scrolls of fog
 U - a scroll of torment
 Y - a scroll of silence
Potions
 b - 2 potions of might
 h - a potion of resistance
 i - 4 potions of haste {unknown}
 k - 5 potions of brilliance {unknown}
 s - 4 potions of curing
 v - a potion of magic {unknown}
 w - 7 potions of enlightenment
 A - 3 potions of invisibility {unknown}
 E - 4 potions of mutation
 F - 2 potions of ambrosia
 L - 2 potions of cancellation {unknown}
 Q - 3 potions of attraction
 R - 2 potions of degeneration {unknown}
Miscellaneous
 a - a phantom mirror (inert)
 C - a phial of floods


   Skills:
 + Level 13.0 Fighting
 * Level 8.1 Armour
 * Level 11.0 Dodging
 - Level 5.0 Shields
 * Level 16.4 Unarmed Combat
 - Level 6.0 Spellcasting
 - Level 5.0 Earth Magic
 - Level 10.0 Alchemy
 - Level 4.0 Evocations
 - Level 11.0 Shapeshifting


You had 7 spell levels left.
You knew the following spells:

 Your Spells              Type           Power      Damage    Failure   Level
a - Olgreb's Toxic Radia  Alch           44%        N/A       3%          4
b - Alistair's Intoxicat  Alch           29%        N/A       10%         5
c - Leda's Liquefaction   Alch/Erth      17%        N/A       10%         4
d - Petrify               Alch/Erth      35%        N/A       10%         4
e - Mercury Vapours       Alch/Air       50%        N/A       4%          2

Your spell library contained the following spells:

 Spells                   Type           Power      Damage    Failure   Level
 Sting                    Conj/Alch      100%       1d9       2%          1
 Passwall                 Erth           25%        N/A       8%          3
 Cigotuvi's Dreadful Rot  Necr/Alch/Air  36%        N/A       9%          2
 Apportation              Tloc           10%        N/A       21%         1
 Necrotise                Necr           20%        1d5       21%         1
 Summon Small Mammal      Summ           20%        N/A       21%         1
 Stone Arrow              Conj/Erth      30%        3d8       22%         3
 Fulminant Prism          Conj/Alch      12%        3d9       26%         4
 Call Imp                 Summ           10%        N/A       30%         2
 Ensorcelled Hibernation  Hex/Ice        10%        N/A       30%         2
 Sublimation of Blood     Necr           5%         N/A       30%         2
 Sigil of Binding         Hex            5%         N/A       52%         3
 Volatile Blastmotes      Fire/Tloc      10%        2d10      52%         3
 Animate Armour           Summ/Erth      30%        N/A       58%         4
 Irradiate                Conj/Alch      12%        3d15      58%         5
 Cause Fear               Hex            2%         N/A       90%         4
 Dispel Undead            Necr           5%         3d7       90%         4
 Iskenderun's Mystic Bla  Conj/Tloc      5%         2d3       90%         4
 Martyr's Knell           Necr/Summ      5%         N/A       90%         4
 Passage of Golubria      Tloc           5%         N/A       90%         4
 Silence                  Hex/Air        2%         N/A       99%         5
 Summon Forest            Summ/Tloc      2%         N/A       99%         5
 Summon Mana Viper        Hex/Summ       5%         N/A       99%         5
 Death Channel            Necr           2%         N/A       100%        6
 Summon Cactus Giant      Summ           2%         N/A       100%        6
 Summon Hydra             Summ           2%         N/A       100%        7
 Lehudib's Crystal Spear  Conj/Erth      7%         10d3      100%        8
 Swiftness                Air            Unusable   N/A       N/A         3

Dungeon Overview and Level Annotations

Branches:
Dungeon (15/15)            Temple (1/1) D:7            Lair (5/5) D:8
 Shoals (3/4) Lair:3        Snake (1/4) Lair:2        Slime (0/5) Lair:4
    Orc (1/2) D:12         Vaults (0/5) D:13         Depths (0/4) D:15
Gauntlet (visited)

Altars:
Ashenzari
Cheibriados
Dithmenos
Elyvilon
Fedhas
Gozag
Hepliaklqana
Kikubaaqudgha
Makhleb
Nemelex Xobeh
Okawaru
Qazlal
Ru
Sif Muna
Trog
Uskayaw
Vehumet
Wu Jian
Xom
Yredelemnul
Zin
The Shining One
Jiyva

Shops:
D:1 [   D:9 (   D:11 [[   Shoals:1 !   Shoals:3 *

Annotations:
D:10 1 runed translucent door, exclusion: door
Lair:3 1 runed translucent door, Juseph's ghost, journeyman HOFi
Shoals:2 2 transporters, exclusion: orange crystal statue


Innate Abilities, Weirdness & Mutations

You are a hulking beast.
Your limbs bulge with bestial killing power. (Slay +4)
You cannot be hasted, slowed, berserked, paralysed or teleported.
You can dig through walls and to a lower floor.
You have a pair of large antennae on your head. (SInv)
You sometimes lose the ability to read scrolls when taking damage.
You cannot be stealthy.
You are somewhat inexperienced. (-1 XL)
You are missing an eye, making it more difficult to aim.
Your four strong arms can wield two-handed weapons with a shield.


Message History

You block the harpy's attack. The harpy claws you. x2
You block the harpy's attack.
The merfolk impaler hits you from afar with a +2 trident of venom.
You are poisoned.
The merfolk impaler hits you from afar with a +2 trident of venom!!
The merfolk barely misses something.
You completely miss the harpy.
The harpy is moderately wounded.
The grasping roots constrict the merfolk impaler.
The grasping roots constrict the merfolk!
You kill the merfolk!
You feel sick.
The roots release their grip on the merfolk impaler.
You block the harpy's attack. The harpy claws you!
The merfolk impaler hits you from afar with a +2 trident of venom!!
* * * LOW HITPOINT WARNING * * *
You are lethally poisoned!
The merfolk completely misses you.
Unknown command.
Unknown command.
You feel better. The merfolk impaler misses you.
The harpy is stunned by your conviction and fails to attack.
The merfolk hits you from afar with a +0 halberd.
* * * LOW HITPOINT WARNING * * *
You block the merfolk impaler's attack.
Unknown command.
Unknown command.
You are restored by drawing out deep reserves of power within.
You feel drained. The harpy claws you! The harpy completely misses you.
You block the merfolk impaler's attack.
The merfolk hits you from afar with a +0 halberd!
* * * LOW HITPOINT WARNING * * *
The merfolk impaler hits you from afar with a +2 trident of venom!
* * * LOW HITPOINT WARNING * * *
You are lethally poisoned!
You focus your inner power and blind the merfolk impaler in retribution!
Unknown command.
You feel better.
The merfolk impaler hits you from afar with a +2 trident of venom!!
You die...

....... ....... ....~~≈≈≈≈
~.>.~~ ...~~~≈≈≈≈≈ ....~
....~~~≈≈≈≈≈ #...
.....~~≈≈≈≈ #...
###....~~≈≈≈≈
#...##h#.....~≈≈≈≈
#...Hm##.....~≈≈≈≈
..##...mm{.†...~~~≈≈≈
........>.....)~......~~~≈≈
#............~≈~F~~....~~≈≈
###....###.###.~~~.~.....~≈≈
...<~................#...~≈≈
.........................~≈≈
............).).........~~≈≈


You could see a merfolk impaler (blind, unable to see you, very poisoned), 2
merfolk and a harpy.

Vanquished Creatures
  Polyphemus (Shoals:2)
  A minotaur (Gauntlet)
  A merfolk impaler (Shoals:2)
  A merfolk javelineer (Shoals:3)
  A vault guard (D:13)
  2 rakshasas (D:15)
  8 hydras
  2 merfolk avatars (Shoals:3)
  2 catoblepae
  2 boulder beetles
  2 centaur warriors (D:14)
  3 two-headed ogres
  2 tengu warriors (D:14)
  2 satyrs (Shoals:3)
  9 death yaks
  Urug (D:10)
  2 thrashing horrors (Gauntlet)
  2 occultists (D:15)
  A fire crab (Lair:5)
  7 skeletal warriors
  4 skysharks
  5 sea snakes
  6 harpies
  7 deep elf pyromancers
  2 orc knights (D:15)
  An arcanist (D:13)
  6 cyclopes
  7 fauns (Shoals:3)
  9 ugly things
  7 elephants
  8 manticores
  A meliai (D:13)
  4 black mambas
  A torpor snail (Lair:5)
  14 cane toads
  2 gargoyles
  An unseen horror (D:13)
  A rime drake (shapeshifter) (D:15)
  3 freezing wraiths
  A rime drake (Lair:1)
  5 komodo dragons
  A komodo dragon (shapeshifter) (D:13)
  3 trolls
  6 polar bears
  3 tyrant leeches (Lair:5)
  2 wind drakes
  17 merfolk
  2 hornets
  6 snapping turtles
  A harpy skeleton (D:15)
  15 blink frogs
  2 dream sheep (Lair:5)
  A slime creature (D:15)
  Sigmund (D:5)
  2 shadows (D:13)
  2 wyverns
  3 wraiths
  Grum (D:10)
  A water elemental (Shoals:1)
  37 yaks
  A vampire (D:11)
  3 wargs
  16 vampire mosquitoes
  3 basilisks
  A steam dragon (D:8)
  2 small abominations (Gauntlet)
  5 acid dragons
  21 water moccasins
  An ice beast (D:6)
  6 orc warriors
  6 black bears
  2 sky beasts (D:7)
  5 ogres
  An ogre (shapeshifter) (D:12)
  22 wolves
  11 centaurs
  4 kobold brigands
  17 bullfrogs
  A gnoll sergeant (D:8)
  4 scorpions
  7 wights
  12 killer bees
  A howler monkey (D:7)
  4 electric eels
  3 bombardier beetles
  10 orc priests
  A gnoll bouda (D:9)
  2 hounds
  An iron imp (D:6)
  3 jellies
  2 sleepcaps
  Jessica (D:3)
  3 iguanas
  7 orc wizards
  Robin (D:3)
  6 adders
  15 gnolls
  A shadow imp (Gauntlet)
  2 white imps
  4 ufetubi
  A dart slug (D:4)
  2 ribbon worms (D:4)
  33 orcs
  4 ball pythons
  8 endoplasms
  2 giant cockroaches
  11 goblins
  10 hobgoblins
  3 jackals (D:3)
  30 kobolds
  A quokka (D:3)
  6 bats
  2 frilled lizards
  5 rats
589 creatures vanquished.

Vanquished Creatures (collateral kills)
  A hydra (Lair:5)
1 creature vanquished.

Vanquished Creatures (others)
  2 hydras
  A deep elf pyromancer (D:15)
  An unseen horror (D:11)
  2 merfolk
  A blink frog (Lair:4)
  A water moccasin (Lair:5)
  A kobold brigand (D:10)
9 creatures vanquished.

Grand Total: 599 creatures vanquished

Notes
Turn   | Place    | Note
-------+----------+-------------------------------------------
     0 | D:1      | browni3141 the Formicid Shapeshifter began the quest for
                  | the Orb.
     0 | D:1      | Reached XP level 1. HP: 15/15 MP: 1/1
   183 | D:1      | Got the Quarto of Impurities
   220 | D:1      | Reached XP level 2. HP: 21/21 MP: 2/2
   250 | D:1      | Found Lyqouxty's Armour Shop.
   965 | D:1      | Reached XP level 3. HP: 27/27 MP: 3/3
  1332 | D:2      | Reached skill level 4 in Unarmed Combat
  1332 | D:2      | Reached XP level 4. HP: 30/30 MP: 4/4
  1698 | D:3      | Reached XP level 5. HP: 38/39 MP: 5/5
  1748 | D:3      | Noticed Jessica
  1755 | D:3      | Killed Jessica
  1779 | D:3      | Noticed Robin
  1798 | D:3      | Killed Robin
  1799 | D:3      | Reached skill level 5 in Unarmed Combat
  2476 | D:4      | Reached XP level 6. HP: 47/47 MP: 6/6
  2785 | D:4      | Found an ornate altar of the Wu Jian Council.
  2911 | D:4      | Noticed an ogre
  2964 | D:4      | Killed an ogre
  2965 | D:4      | Reached skill level 6 in Unarmed Combat
  2965 | D:4      | Reached XP level 7. HP: 54/54 MP: 7/7
  3546 | D:5      | Entered Level 5 of the Dungeon
  3743 | D:5      | Reached skill level 7 in Unarmed Combat
  3877 | D:5      | Noticed a yak
  3877 | D:5      | Noticed a yak
  3877 | D:5      | Noticed a yak
  3877 | D:5      | Noticed a yak
  3877 | D:5      | Noticed a yak
  3877 | D:5      | Noticed a yak
  4006 | D:5      | Noticed Sigmund
  4054 | D:5      | Reached skill level 5 in Fighting
  4118 | D:5      | Reached XP level 8. HP: 53/62 MP: 8/8
  4193 | D:5      | Killed Sigmund
  4257 | D:5      | Reached skill level 8 in Unarmed Combat
  4354 | D:5      | You fall into a shaft and drop 1 floor!
  5099 | D:6      | Found a snail-covered altar of Cheibriados.
  5394 | D:6      | Reached skill level 1 in Armour
  5714 | D:5      | Killed a yak
  5715 | D:5      | Reached XP level 9. HP: 35/71 MP: 9/9
  5900 | D:5      | Reached skill level 9 in Unarmed Combat
  6827 | D:7      | Reached skill level 5 in Shapeshifting
  7048 | D:7      | Found an iron altar of Okawaru.
  7071 | D:7      | Learned a level 4 spell: Olgreb's Toxic Radiance
  7159 | D:7      | Found a staircase to the Ecumenical Temple.
  7168 | Temple   | Entered the Ecumenical Temple
  7188 | Temple   | Became a worshipper of Ru the Awakened
  7293 | Temple   | Reached skill level 1 in Alchemy
  7465 | Temple   | Reached skill level 1 in Spellcasting
  7465 | Temple   | Reached XP level 10. HP: 48/79 MP: 11/11
  8346 | D:8      | Noticed a gargoyle
  8362 | D:8      | Killed a gargoyle
  9038 | D:7      | Reached skill level 10 in Unarmed Combat
  9810 | D:8      | Reached skill level 1 in Evocations
 10118 | D:8      | Reached skill level 5 in Alchemy
 10124 | D:8      | Gained mutation: You cannot be stealthy. [Ru sacrifice]
 10243 | D:8      | Reached XP level 11. HP: 74/85 MP: 10/15
 10422 | D:8      | Found a staircase to the Lair.
 11386 | D:9      | Found Qown's Weapon Boutique.
 11986 | D:9      | Found a basalt altar of Yredelemnul.
 12095 | D:9      | Reached skill level 5 in Dodging
 12292 | D:10     | Entered Level 10 of the Dungeon
 12295 | D:10     | Noticed Urug
 12306 | D:10     | Killed Urug
 12398 | D:10     | Noticed a two-headed ogre
 12412 | D:10     | Killed a two-headed ogre
 12413 | D:10     | Reached skill level 11 in Unarmed Combat
 12640 | D:10     | Noticed Grum
 12653 | D:10     | Killed Grum
 12847 | D:10     | Gained mutation: You are missing an eye, making it more
                  | difficult to aim. [Ru sacrifice]
 12847 | D:10     | Reached * piety under Ru
 13094 | D:10     | Noticed a fire giant
 13094 | D:10     | Noticed a boulder beetle
 13094 | D:10     | Noticed a deep elf archer
 13095 | D:10     | Found a runed translucent door.
 13097 | D:10     | Noticed a fire giant
 13097 | D:10     | Noticed a deep elf knight
 13097 | D:10     | Noticed a deep elf zephyrmancer
 13097 | D:10     | Noticed a centaur warrior
 13319 | D:11     | Noticed a two-headed ogre
 13363 | D:11     | Killed a two-headed ogre
 13364 | D:11     | Reached skill level 12 in Unarmed Combat
 13364 | D:11     | Reached XP level 12. HP: 95/95 MP: 5/16
 13759 | D:11     | Noticed a two-headed ogre
 13858 | D:11     | Killed a two-headed ogre
 13960 | D:11     | Found Lashior's Armour Shop.
 13974 | D:11     | Reached skill level 10 in Fighting
 14052 | D:11     | Reached skill level 13 in Unarmed Combat
 14138 | D:11     | Found Teclim's Antique Armour Shop.
 14145 | D:11     | Bought a pair of slimy boots for 323 gold pieces
 14145 | D:11     | Identified the +2 pair of boots of the Minstrel {rC+} (You
                  | bought it in a shop on level 11 of the Dungeon)
 14208 | D:11     | Noticed a skeletal warrior
 14300 | Lair:1   | Entered Level 1 of the Lair of Beasts
 14695 | Lair:1   | Identified the +2 robe of Reum {Int+3 SInv Archmagi}
 15319 | Lair:2   | Noticed a six-headed hydra
 15330 | Lair:2   | Killed a six-headed hydra
 15483 | Lair:2   | Found a staircase to the Snake Pit.
 15506 | Lair:2   | Reached XP level 13. HP: 100/103 MP: 17/17
 15962 | Lair:2   | Learned a level 5 spell: Alistair's Intoxication
 15967 | Lair:2   | Learned a level 4 spell: Leda's Liquefaction
 15972 | Lair:2   | Learned a level 4 spell: Petrify
 16158 | Lair:3   | Found a gate leading to a gauntlet.
 16273 | Lair:3   | Found a runed translucent door.
 16324 | Lair:3   | Found a staircase to the Shoals.
 16442 | Lair:3   | Reached skill level 1 in Earth Magic
 16447 | Gauntlet | Entered a Gauntlet
 16447 | Gauntlet | Found a transporter.
 16452 | Gauntlet | Found a transporter.
 16456 | Gauntlet | Found a transporter.
 16459 | Gauntlet | Found a transporter.
 16459 | Gauntlet | Found a transporter.
 16460 | Gauntlet | Found a transporter.
 16461 | Gauntlet | Found a large runed translucent door.
 16462 | Gauntlet | Found a large runed translucent door.
 16463 | Gauntlet | Found a large runed translucent door.
 16463 | Gauntlet | Found a large runed translucent door.
 16463 | Gauntlet | Found a runed translucent door.
 16464 | Gauntlet | Found a large runed translucent door.
 16465 | Gauntlet | Found a large runed translucent door.
 16466 | Gauntlet | Found a large runed translucent door.
 16466 | Gauntlet | Found a large runed translucent door.
 16467 | Gauntlet | Found a runed translucent door.
 16467 | Gauntlet | Found a runed translucent gate.
 16467 | Gauntlet | Found a runed translucent gate.
 16467 | Gauntlet | Found a runed translucent gate.
 16468 | Gauntlet | Found a transporter.
 16468 | Gauntlet | Noticed a reaper
 16469 | Gauntlet | Found a transporter.
 16489 | Gauntlet | Found a transporter.
 16503 | Gauntlet | Noticed a four-headed hydra
 16506 | Gauntlet | Found a transporter.
 16510 | Gauntlet | Found a transporter.
 16521 | Gauntlet | Found a transporter.
 16583 | Gauntlet | Found a large runed translucent door.
 16584 | Gauntlet | Found a large runed translucent door.
 16585 | Gauntlet | Found a large runed translucent door.
 16585 | Gauntlet | Found a large runed translucent door.
 16586 | Gauntlet | Found a large runed translucent door.
 16587 | Gauntlet | Found a large runed translucent door.
 16588 | Gauntlet | Found a large runed translucent door.
 16588 | Gauntlet | Found a large runed translucent door.
 16684 | Gauntlet | Identified the ring of Lifantuu {rElec AC+4}
 16747 | Gauntlet | Identified the ring "Wuokh" {Wiz Str+3}
 16772 | Gauntlet | Identified the staff "Jecit" {^Drain rElec rC+ Will++ Summ
                  | Air}
 16772 | Gauntlet | Noticed a minotaur
 16786 | Gauntlet | Killed a minotaur
 16818 | Gauntlet | Identified the staff "Baopi" {Will+ Hexes Earth}
 16819 | Gauntlet | Got the Parchment of Effluvium and Beguiling
 16837 | Lair:3   | Learned a level 2 spell: Mercury Vapours
 16977 | Lair:3   | Noticed a seven-headed hydra
 17000 | Lair:3   | Killed a seven-headed hydra
 17278 | Lair:3   | Noticed a catoblepas
 17297 | Lair:3   | Killed a catoblepas
 17423 | Lair:3   | Noticed Juseph's ghost (journeyman HOFi)
 17450 | Lair:3   | Reached skill level 14 in Unarmed Combat
 17923 | Lair:4   | Noticed a seven-headed hydra
 18029 | Lair:4   | Identified the +2 leather armour of the Desolation of Salt
                  | {^Drain +Inv rElec Stlth+}
 18297 | Lair:4   | Reached skill level 5 in Spellcasting
 18312 | Lair:4   | Gained mutation: You are somewhat inexperienced. (-1 XL)
                  | [Ru sacrifice]
 18312 | Lair:4   | Reached XP level 12. HP: 96/100 MP: 4/19
 18312 | Lair:4   | Reached ** piety under Ru
 18312 | Lair:4   | Reached *** piety under Ru
 18639 | Lair:4   | Noticed an eight-headed hydra
 18660 | Lair:4   | Killed an eight-headed hydra
 18708 | Lair:4   | Reached XP level 13. HP: 106/106 MP: 7/20
 18981 | Lair:4   | Found a viscous altar of Jiyva.
 18987 | Lair:4   | Found a staircase to the Slime Pits.
 19189 | Lair:5   | Entered Level 5 of the Lair of Beasts
 19663 | Lair:5   | Reached skill level 10 in Shapeshifting
 20929 | Lair:5   | Identified the +8 battleaxe "Gaeff" {distort, rC+}
 21006 | Lair:5   | Reached skill level 15 in Unarmed Combat
 21155 | Lair:5   | Gained mutation: You occasionally lose the ability to read
                  | scrolls when taking damage. [Ru sacrifice]
 21155 | Lair:5   | Gained mutation: You sometimes lose the ability to read
                  | scrolls when taking damage. [Ru sacrifice]
 21155 | Lair:5   | Reached **** piety under Ru
 22350 | D:12     | Identified the +6 chain mail of Subjectivity {Regen+ Str+4}
 22656 | D:12     | Identified the +1 cloak of the Vestibule of Hell {rElec
                  | Str+2}
 22675 | D:12     | Reached XP level 14. HP: 114/114 MP: 22/22
 22750 | D:12     | Found an iron altar of Okawaru.
 23151 | D:12     | Found a staircase to the Orcish Mines.
 23686 | D:13     | Reached skill level 5 in Earth Magic
 24010 | D:13     | Found a shadowy altar of Dithmenos.
 24327 | D:13     | Found a gate to the Vaults.
 24975 | D:14     | Reached skill level 1 in Shields
 25609 | D:15     | Entered Level 15 of the Dungeon
 27133 | D:11     | Found Lashior's Armour Shop.
 28131 | D:15     | Reached skill level 5 in Armour
 28308 | D:15     | Identified the scarf "Osoxun" {harm, rPois rC- rN+++
                  | Regen+}
 29002 | D:15     | Reached skill level 10 in Alchemy
 29282 | D:15     | Found a staircase to the Depths.
 29407 | D:15     | Reached skill level 10 in Dodging
 29998 | Orc:1    | Entered Level 1 of the Orcish Mines
 30002 | Orc:1    | Noticed an orc warlord
 30427 | Snake:1  | Entered Level 1 of the Snake Pit
 30606 | Shoals:1 | Entered Level 1 of the Shoals
 30700 | Shoals:1 | Found Kogat's Distillery.
 30709 | Shoals:1 | Bought a potion of ambrosia for 104 gold pieces
 30709 | Shoals:1 | Bought a potion of enlightenment for 65 gold pieces
 30709 | Shoals:1 | Bought a potion of attraction for 39 gold pieces
 30709 | Shoals:1 | Bought a potion of curing for 39 gold pieces
 30715 | Shoals:1 | Reached XP level 15. HP: 94/99 MP: 19/24
 30740 | Shoals:1 | Reached skill level 5 in Shields
 32215 | Shoals:2 | Identified the +0 leather armour of Gravity {Dex+5}
 32405 | Shoals:2 | Noticed Polyphemus
 32419 | Shoals:2 | Reached skill level 16 in Unarmed Combat
 32453 | Shoals:2 | HP: 5/116 [death yak[Polyphemus] (10)]
 32465 | Shoals:2 | HP: 1/112 [Polyphemus (7)]
 32468 | Shoals:2 | Killed Polyphemus
 32770 | Shoals:2 | Found a transporter.
 32851 | Shoals:2 | Found a transporter.
 34241 | Shoals:3 | Found Wicefyav's Overcharged Wands.
 34295 | Shoals:3 | Bought a wand of roots (18) for 648 gold pieces
 34580 | Shoals:3 | Slain by a merfolk impaler

Illustrated notes

Levels and vault maps discovered:
D:1:      dpeg_arrival_chambers_temple_mockup, layout_basic, serial_shops,
          nicolae_shop_temple_entry_statues_fountains
D:2:      layout_basic
D:3:      layout_loops_cross, nicolae_eternal_life, uniq_robin, uniq_jessica
D:4:      layout_basic, lemuel_doored_altar, mrwooster_statue_mirror,
          nicolae_elevator_lobby_plus
D:5:      layout_basic, dreamdust_mushroom_princess, uniq_sigmund
D:6:      layout_basic, slow_altar_1, st_stairs_6
D:7:      layout_loops_ring, lemuel_tele_altar, minmay_temple_entry_wispy
D:8:      layout_layer_cave, grunt_lair_entry_orc_guard_hut,
          kennysheep_minor_cross, minmay_manual_macuahuitl
D:9:      layout_long_grid, mainiacjoe_overflow_alcove_4, serial_shops, shop
D:10:     minmay_gate_of_8, layout_rooms, uniq_urug, uniq_grum
D:11:     layout_long_grid, serial_shops, nicolae_shop_scrapyard,
          nicolae_stop_n_shop_2, minmay_misc_feat_more_columns,
          grunt_ministairs_15, kennysheep_opposing_triangles
D:12:     layout_layer_cave, orc_0_dummy, okawaru_trees_2
D:13:     layout_roguey, david_vaults_5, grunt_dithmenos_smoke_and_mirrors
D:14:     layout_roguey, hangedman_decor_lopped
D:15:     grunt_enter_depths_magical_seal, layout_cross, minivault_25,
          st_stairs_11
Temple:   eino_narrow_crystal_temple
Lair:1:   layout_big_grid
Lair:2:   layout_cave_pods, minmay_snake_entry_six_corridors, grunt_megastairs_5
Lair:3:   layout_hall_layers, shoals_dummy_entry, gauntlet_entry_generic,
          gammafunk_ghost_grave, gammafunk_lair_bear_cave
Lair:4:   layout_long_grid, nicolae_slime_entry_field_trip, beast_lair_carwin_2,
          serial_bayou_shore_b
Lair:5:   minmay_lair_end_frog_pond, layout_gridlike, lemuel_fruit_tree
Shoals:1: layout_shoals, serial_shops, nicolae_square_shop, abandoned_shop
Shoals:2: gammafunk_sealed_arena, layout_shoals, uniq_polyphemus
Shoals:3: layout_shoals, nicolae_shop_overcharged_wands
Snake:1:  layout_layer_cave, ebering_ghost_xom, chequers_hall_statues_y
Orc:1:    layout_caves, einodemon_barbed_minivault, uniq_erolcha, uniq_nergalle

Skill      XL: |  1  2  3  4  5  6  7  8  9 10 11 12 13 14 15 |
---------------+----------------------------------------------+-----
Fighting       | 2 3 4 5 6 7 9 10 11 12 13 | 13.0
Unarmed Combat | 4 5 6 7 8 9 10 12 13 15 16 | 16.4
Armour         | 1 3 4 5 8 |  8.1
Dodging        | 2 4 5 6 9 10 11 | 11.0
Shapeshifting  | 4 5 6 7 10 11 | 11.0
Alchemy        | 1 5 7 8 10 | 10.0
Spellcasting   | 1 3 5 6 |  6.0
Evocations     | 1 4 |  4.0
Earth Magic    | 4 5 |  5.0
Shields        | 4 5 |  5.0

Action                     |  1- 3 |  4- 6 |  7- 9 | 10-12 | 13-15 || total
---------------------------+-------+-------+-------+-------+-------++-------
  Melee: Unarmed           |    73 |    86 |   202 |   570 |  1143 ||  2074
         Punch             |     3 |       |    15 |    36 |    10 ||    64
         Staff             |       |       |       |       |     8 ||     8
   Fire: Sling             |       |     6 |       |       |       ||     6
         Orcbow            |       |    17 |    13 |       |       ||    30
         Shortbow          |       |       |    66 |     7 |       ||    73
  Throw: Javelin           |       |       |     5 |       |       ||     5
         Dart              |       |       |     2 |     1 |       ||     3
   Cast: Olgreb's Toxic Ra |       |       |       |    72 |   146 ||   218
         Petrify           |       |       |       |     1 |    21 ||    22
         Leda's Liquefacti |       |       |       |       |     6 ||     6
         Alistair's Intoxi |       |       |       |       |    10 ||    10
         Mercury Vapours   |       |       |       |       |     1 ||     1
 Invoke: Sacrifice Stealth |       |       |       |     1 |       ||     1
         Sacrifice an Eye  |       |       |       |     1 |       ||     1
         Reject Sacrifices |       |       |       |     1 |     2 ||     3
         Sacrifice Experie |       |       |       |     1 |       ||     1
         Sacrifice Words   |       |       |       |       |     1 ||     1
         Power Leap        |       |       |       |       |     2 ||     2
         Draw Out Power    |       |       |       |       |     7 ||     7
Ability: Dig               |     1 |       |     1 |     4 |     4 ||    10
         Shaft Self        |       |       |     1 |       |       ||     1
  Evoke: Wand              |       |       |       |     7 |    22 ||    29
         Phantom mirror    |       |       |       |       |     3 ||     3
         Phial of floods   |       |       |       |       |     2 ||     2
    Use: Potion            |     1 |       |     1 |     2 |    12 ||    16
         Scroll            |       |       |     4 |     6 |    11 ||    21
   Stab: Paralysed         |       |       |       |     3 |       ||     3
         Petrified         |       |       |       |    12 |    20 ||    32
         Distracted        |       |       |       |       |     5 ||     5
         Confused          |       |       |       |       |     1 ||     1
         Invisible         |       |       |       |       |    13 ||    13
         Petrifying        |       |       |       |       |     1 ||     1
 Armour: Ring mail         |    26 |       |       |       |       ||    26
         Chain mail        |    15 |    50 |    22 |       |    97 ||   184
         Skin              |     5 |       |       |    86 |   254 ||   345
         Scale mail        |       |       |   149 |   169 |       ||   318
         Acid dragon scale |       |       |       |    87 |     5 ||    92
         Robe              |       |       |       |       |   280 ||   280
  Dodge: Dodged            |    37 |    27 |   104 |   386 |   773 ||  1327
  Block: Other             |       |    22 |    44 |    66 |       ||   132
         Reflection        |       |     1 |     5 |     3 |    32 ||    41
         Buckler           |       |       |       |       |   307 ||   307
   Form: Flux              |       |       |       |     3 |     2 ||     5
         Beast             |       |       |       |     2 |     3 ||     5
         Blade             |       |       |       |       |     1 ||     1

Table legend: (Time is in decaauts)
 A = Elapsed time spent in this place.
 B = Non-inter-level travel time spent in this place.
 C = Inter-level travel time spent in this place.
 D = Time resting spent in this place.
 E = Time spent auto-exploring this place.
 F = Levels seen in this place.
 G = Mean time per level.
                   A        B        C        D        E       F      G
               +--------+--------+--------+--------+--------+-----+--------+
         Total |  34368 |  32557 |   1811 |   3951 |  22840 |  27 | 1272.9 |
       Dungeon |  22572 |  21316 |   1256 |   2645 |  15142 |  15 | 1504.8 |
        Temple |    409 |    381 |     28 |    345 |      0 |   1 |  409.0 |
          Lair |   6929 |   6450 |    479 |    405 |   4672 |   5 | 1385.8 |
        Shoals |   4057 |   4011 |     46 |    489 |   2886 |   3 | 1352.3 |
     Snake Pit |      3 |      3 |      0 |      0 |      0 |   1 |    3.0 |
  Orcish Mines |     17 |     17 |      0 |      0 |      1 |   1 |   17.0 |
      Gauntlet |    378 |    378 |      0 |     67 |    139 |   1 |  378.0 |
               +--------+--------+--------+--------+--------+-----+--------+

Top non-repeatable levels by time:
    D:14: 2823 daAuts
    D:11: 2331 daAuts
     D:7: 2215 daAuts
     D:8: 1988 daAuts
  Lair:5: 1911 daAuts
    D:15: 1694 daAuts
Shoals:1: 1621 daAuts
     D:6: 1569 daAuts
  Lair:4: 1540 daAuts
    D:12: 1468 daAuts
  Lair:3: 1447 daAuts
Shoals:2: 1395 daAuts
     D:5: 1391 daAuts
     D:4: 1298 daAuts
     D:9: 1283 daAuts
